 Dungeon Crawl Stone Soup version 0.25-a0-156-g0c4bda3fdf (webtiles) character file.

Game seed: 17521318656032677577, levelgen mode: deterministic

7 vurker the Skirmisher (level 2, -1/24 HPs)
             Began as a Formicid Abyssal Knight on Nov 20, 2019.
             Was a Follower of Lugonu.
             Killed by divine providence
             ... invoked by an orc priest
              (12 damage)
             ... on level 2 of the Dungeon.
             The game lasted 00:00:59 (485 turns).

vurker the Skirmisher (Formicid Abyssal Knight)      Turns: 485, Time: 00:01:00

Health: -1/24      AC:  3    Str: 16    XL:     2   Next: 10%
Magic:  3/3        EV: 10    Int: 11    God:    Lugonu [*.....]
Gold:   87         SH:  3    Dex: 10    Spells: 1/1 levels left

rFire    . . .     SeeInvis +   c - -1 hand axe (curse)
rCold    . . .     Gourm    .   b - +0 buckler
rNeg     . . .     Faith    .   i - +0 leather armour (curse)
rPois    .         Spirit   .   (helmet unavailable)
rElec    .         Reflect  .   (no cloak)
rCorr    .         Harm     .   (no gloves)
MR       .....                  (no boots)
Stlth    +.........             (no amulet)
HPRegen  0.08/turn              (no ring)
MPRegen  0.08/turn              (no ring)

@: no status effects
A: permanent stasis, dig shafts and tunnels, four strong arms, antennae 3
a: Dig, Shaft Self, Depart the Abyss, Renounce Religion


You were on level 2 of the Dungeon.
You worshipped Lugonu.
Lugonu was aware of your devotion.
You were not hungry.

You visited 1 branch of the dungeon, and saw 2 of its levels.
You visited the Abyss 1 time.

You collected 87 gold pieces.

Inventory:

Hand Weapons
 a - a +1 hand axe
 c - a cursed -1 hand axe (weapon)
   (You found it on level 1 of the Dungeon)
Armour
 b - a +0 buckler (worn)
   (You found it on level 1 of the Dungeon)
 i - a cursed +0 leather armour (worn)
   (You found it on level 1 of the Dungeon)
Scrolls
 d - a scroll of enchant weapon {unknown}
Potions
 f - a potion of heal wounds {unknown}
 g - a potion of lignification {unknown}
 h - 2 potions of curing {unknown}
 j - a potion of might {unknown}
Comestibles
 e - 2 rations


   Skills:
 + Level 3.4 Fighting
 * Level 2.3 Axes
 - Level 2.1 Armour
 - Level 0.8 Dodging
 + Level 0.1 Shields
 + Level 2.4 Invocations


You had one spell level left.
You didn't know any spells.
Your spell library was empty.

Dungeon Overview and Level Annotations

Branches:
Dungeon (1/15)

Altars:


Innate Abilities, Weirdness & Mutations

You cannot be hasted, slowed, berserked, paralysed or teleported.
You can dig through walls and to a lower floor.
Your four strong arms can wield two-handed weapons with a shield.
You have a pair of large antennae on your head. (SInv)


Message History

No target in view!
You now have 32 gold pieces (gained 7).
Found 10 sling bullets.
You see here 10 sling bullets.
Found 13 gold pieces.
You now have 45 gold pieces (gained 13).
Found 12 gold pieces.
Found 17 gold pieces.
You now have 57 gold pieces (gained 12).
You now have 74 gold pieces (gained 17).
You open the door.
There is an open door here.
Found 13 gold pieces.
You now have 87 gold pieces (gained 13).
Found 12 arrows.
Found 13 gold pieces.
A kobold comes into view.
The kobold shouts!
A kobold is nearby!
A kobold and an orc wizard come into view.
The kobold shouts!
The orc wizard shouts!
The kobold throws a stone.
The stone misses you.
You see here a stone.
An orc comes into view.
An orc priest comes into view. It is wielding a +0 hand axe.
The kobold throws a stone.
You block the stone.
You see here a stone.
A dart slug comes into view.
The orc priest shouts!
The kobold barely misses you.
You hit the kobold.
The orc wizard casts a spell.
The orc wizard seems to speed up.
You block the kobold's attack.
The orc priest invokes the aid of Beogh against you.
Beogh smites you!
You closely miss the kobold. The kobold barely misses you.
You hit the kobold but do no damage. The kobold hits you.
You hit the kobold.
You kill the kobold!
Lugonu accepts your kill.
You hit the orc. You closely miss the kobold.
The kobold hits you with a +0 whip. The orc hits you but does no damage.
You hit the orc but do no damage. You closely miss the kobold.
You hit the orc wizard.
The orc wizard hits you with a +0 dagger.
* * * LOW HITPOINT WARNING * * *
The orc priest mumbles some strange prayers to Beogh against you.
Beogh smites you!
Ouch! That really hurt!
You die...

. .# ########## ###.#
#........# #... ##
##........######.####...
..........+ ............
##........####.#oo......
#............((@#
#.........###...Ko....#
#...............$w.....
#########..#.##.#.#....
#(.#......# ..# #..#.
.##.# .. #..## .. ... #
#... .# #.


You could see an orc priest, an orc wizard, a dart slug, an orc and a kobold.

Vanquished Creatures
  A bat (D:1)
  2 goblins (D:1)
  A kobold (D:2)
  A frilled lizard (D:1)
  2 rats (D:1)
7 creatures vanquished.

Notes
Turn   | Place    | Note
-------+----------+-------------------------------------------
     0 | Abyss:1  | vurker the Formicid Abyssal Knight began the quest for the
                  | Orb.
     0 | Abyss:1  | Reached XP level 1. HP: 18/18 MP: 2/2
    26 | D:1      | Escaped the Abyss
   362 | D:1      | Reached XP level 2. HP: 24/24 MP: 3/3
   396 | D:1      | You fall into a shaft and drop 1 floor!
   485 | D:2      | Killed from afar by an orc priest

Levels and vault maps discovered:
D:1:      minmay_arrival_jagged, layout_basic
D:2:      layout_basic

Action                   || total
-------------------------++-------
Melee: Hand axe          ||    24
Armor: Leather armour    ||     8
Dodge: Dodged            ||    18
Block: Buckler           ||     2

Table legend:
 A = Non-vault XP
 B = Vault XP
 C = Vault XP percentage of total XP
 D = Non-vault monster count
 E = Vault monster count
 F = Vault count percentage of total count
                 A         B        C        D         E       F
            +---------+---------+-------+---------+---------+-------
      Total |      11 |       0 |   0.0 |       7 |       0 |   0.0
            +---------+---------+-------+---------+---------+-------
        D:1 |       9 |       0 |   0.0 |       6 |       0 |   0.0
        D:2 |       2 |       0 |   0.0 |       1 |       0 |   0.0
            +---------+---------+-------+---------+---------+-------
